 Dungeon Crawl Stone Soup version 0.20.0-10-g0535bb4 (webtiles) character file.

65 QuCean the Shield-Bearer (level 3, 0/33 HPs)
             Began as a Minotaur Fighter on June 2, 2017.
             Slain by a gnoll
             ... wielding a +1 halberd of pain
              (1 damage)
             ... on level 2 of the Dungeon on June 5, 2017.
             The game lasted 00:09:16 (2013 turns).

QuCean the Shield-Bearer (Minotaur Fighter)         Turns: 2013, Time: 00:09:17

Health: 0/33       AC:  8    Str: 26    XL:     3   Next: 94%
Magic:  2/2        EV:  8    Int:  5    God:
Gold:   99         SH: 10    Dex:  9    Spells: 2/2 levels left

rFire    . . .     SeeInvis .   a - +0 war axe
rCold    . . .     Gourm    .   c - +0 shield
rNeg     . . .     Faith    .   b - +0 scale mail
rPois    .         Spirit   .   (helmet restricted)
rElec    .         Reflect  .   (no cloak)
rCorr    .         Harm     .   g - +0 pair of gloves
MR       .....                  (no boots)
Stlth    ..........             (no amulet)
Regen    0.2/turn               (no ring)
MPRegen  0.1/turn               (no ring)

@: mighty
A: retaliatory headbutt, horns 2
a: no special abilities


You were on level 2 of the Dungeon.
You were not hungry.

You visited 1 branch of the dungeon, and saw 2 of its levels.

You collected 99 gold pieces.

Inventory:

Hand Weapons
 a - a +0 war axe (weapon)
Armour
 b - a +0 scale mail (worn)
 c - a +0 shield (worn)
 g - a +0 pair of gloves (worn)
Scrolls
 h - a scroll of magic mapping {unknown}
 o - a scroll of identify
Potions
 e - a potion of curing
 i - a potion of mutation {unknown}
 j - a potion of ambrosia {unknown}
 m - 2 potions of flight {unknown}
 n - a potion of brilliance {unknown}
Comestibles
 f - a bread ration
 k - 5 chunks of flesh
 l - a meat ration


   Skills:
 + Level 4.2 Fighting
 + Level 2.9 Axes
 + Level 4.1 Armour
 + Level 0.4 Dodging
 + Level 0.1 Stealth
 + Level 4.5 Shields


You had 2 spell levels left.
You didn't know any spells.

Dungeon Overview and Level Annotations

Branches:
Dungeon (2/15)

Altars:


Innate Abilities, Weirdness & Mutations

You reflexively headbutt those who attack you in melee.
You have a pair of horns on your head.


Message History

The gnoll hits you from afar with a spear.
* * * LOW HITPOINT WARNING * * *
You feel better. You block the gnoll's attack.
The gnoll hits you from afar with a halberd.
* * * LOW HITPOINT WARNING * * *
You block the gnoll's attack. The gnoll barely misses you.
You feel better. The gnoll hits you but does no damage.
The gnoll hits you from afar with a halberd.
The gnoll hits you but does no damage.
You feel very mighty all of a sudden. You block the gnoll's attack.
The gnoll closely misses you.
The gnoll hits you from afar with a halberd!
* * * LOW HITPOINT WARNING * * *
You block the gnoll's attack. The gnoll hits you with a whip.
* * * LOW HITPOINT WARNING * * *
The gnoll hits you with a halberd of pain.
* * * LOW HITPOINT WARNING * * *
You writhe in agony.
You die...

#........#+#.#..........
#............#.#.#b....#
##...........#.#.....)..
#...........#####.#.#.#
#........##.......#.#.#
#........####.....#.#.#
###.........(##.....#.#.#
$.......g....##.....#.#.#
........@....##.... #.#.#
.......#gg...# #.#.#
.......#.g...# #.#.#
.............##... #.#.#
................... #.#'#
..)....#.#.#.#.#.#. #....
...................##....
##.##.#.#.#.#.#.#.#.#....
..............


You could see 4 gnolls.

Vanquished Creatures
  A gnoll (D:1)
  2 adders (D:2)
  An ooze (D:1)
  2 dart slugs (D:1)
  A leopard gecko (D:1)
  4 bats
  3 giant cockroaches (D:1)
  4 goblins
  2 hobgoblins
  2 frilled lizards
  4 kobolds (D:1)
  5 rats (D:1)
  A bush (D:1)
32 creatures vanquished.

Notes
Turn   | Place    | Note
-------+----------+-------------------------------------------
     0 | D:1      | QuCean the Minotaur Fighter began the quest for the Orb.
     0 | D:1      | Reached XP level 1. HP: 19/19 MP: 0/0
   156 | D:1      | Upgraded the game from 0.20.0-8-g6b59dc7 to 0.20.0-10-g0535bb4
   344 | D:1      | Reached XP level 2. HP: 27/27 MP: 1/1
   914 | D:1      | Reached XP level 3. HP: 33/33 MP: 2/2
  1328 | D:1      | You fall through a shaft!
  2013 | D:2      | HP: 1/33 [gnoll/halberd of pain (4)]
  2013 | D:2      | Slain by a gnoll

Skill      XL: |  1  2 |
---------------+-------+-----
Shields        | 4 |  4.5
Fighting       | 4 |  4.2
Armour         | 4 |  4.1
Axes           | |  2.9
Dodging        | |  0.4
Stealth        | |  0.1

Action                   || total
-------------------------++-------
Melee: War axe           ||   130
       Headbutt          ||    26
  Use: Scroll            ||     3
       Potion            ||     3
  Eat: Bread ration      ||     1
       Chunk             ||     1
Armor: Scale mail        ||    66
Dodge: Dodged            ||    30
Block: Shield            ||    69
